 Dungeon Crawl Stone Soup version 0.27-a0-1217-g8a41f320e8 (webtiles) character file.

Game seed: 11509281201101459958

658 deadmanwalking the Magician (level 7, 0/32 (36) HPs)
             Began as a Deep Elf Venom Mage on June 5, 2021.
             Was an Initiate of Gozag.
             Slain by a necrophage (3 damage)
             ... on level 5 of the Dungeon.
             The game lasted 00:17:40 (5933 turns).

deadmanwalking the Magician (Deep Elf Venom Mage)   Turns: 5933, Time: 00:17:41

HP:   0/32 (36)     AC:  3    Str:  5    XL:     7   Next: 29%
MP:   17/17         EV: 12    Int: 25    God:    Gozag
Gold: 728           SH:  0    Dex: 15    Spells: 6/17 levels left

rFire    . . .     SeeInvis .   w - +6 whip of Jaganwee {vamp, *Corrode rElec Will+++ Int+3}
rCold    . . .     Faith    .   (no shield)
rNeg     . . .     Spirit   .   d - +1 robe
rPois    .         Reflect  .   (no helmet)
rElec    +         Harm     .   (no cloak)
rCorr    .         Rampage  .   (no gloves)
Will     +++..                  (no boots)
Stlth    ++........             (no amulet)
HPRegen  0.10/turn              (no ring)
MPRegen  0.15/turn              (no ring)

@: heavily drained
A: no striking features
a: Renounce Religion, Potion Petition, Call Merchant, Bribe Branch


You were on level 5 of the Dungeon.
You worshipped Gozag.
Gozag was pleased with you.
You visited 1 branch of the dungeon, and saw 5 of its levels.

You collected 728 gold pieces.

Inventory:

Hand Weapons
 a - a +0 dagger
 k - a +1 spectral club
 w - the +6 whip of Jaganwee (weapon) {vamp, *Corrode rElec Will+++ Int+3}
   (You found it on level 5 of the Dungeon)

   It inflicts no extra harm, but heals its wielder when it wounds a living foe.
   It affects your intelligence (+3).
   It insulates you from electricity.
   It may corrode you when you take damage.
   It greatly increases your willpower.
Missiles
 b - 17 bolts
 c - 41 poisoned darts
 e - 92 stones
 j - 13 sling bullets
 p - 18 arrows
Armour
 d - a +1 robe (worn)
Wands
 h - a wand of acid (9)
 l - a wand of polymorph (6)
 r - a wand of flame (14)
Scrolls
 g - a scroll of amnesia
 i - 2 scrolls of enchant armour
 s - 3 scrolls of vulnerability
 t - a scroll of magic mapping
 v - a scroll of teleportation
Potions
 f - a potion of curing
 m - a potion of mutation {unknown}
 n - a potion of might {unknown}
 o - 2 potions of magic {unknown}
 q - a potion of flight {unknown}
 u - a potion of invisibility {unknown}


   Skills:
 - Level 2.4 Dodging
 - Level 2.4 Stealth
 + Level 5.5 Spellcasting
 + Level 2.6 Conjurations
 + Level 4.0 Transmutations
 + Level 2.7 Fire Magic
 + Level 2.5 Air Magic
 + Level 5.1 Poison Magic


You had 6 spell levels left.
You knew the following spells:

 Your Spells              Type           Power      Damage    Failure   Level
a - Sting                 Tmut/Pois      100%       1d8       1%          1
b - Ignite Poison         Fire/Tmut/Pois 26%        N/A       4%          3
c - Mephitic Cloud        Conj/Pois/Air  24%        N/A       5%          3
d - Olgreb's Toxic Radia  Pois           32%        N/A       10%         4

Your spell library contained the following spells:

 Spells                   Type           Power      Damage    Failure   Level
 Poisonous Vapours        Pois/Air       52%        N/A       2%          2


Dungeon Overview and Level Annotations

Branches:
Dungeon (5/15)
 Temple: D:4-7

Altars:
Cheibriados
Gozag

Shops:
D:3 *


Message History

The sting misses the necrophage.
You hit the necrophage but do no damage.
The necrophage is lightly damaged.
The necrophage hits you but does no damage.
You barely miss the necrophage.
The necrophage is lightly damaged.
The necrophage hits you.
You whack the necrophage!
The necrophage is moderately damaged.
The necrophage hits you.
You feel drained.
You barely miss the necrophage.
The necrophage is moderately damaged.
The necrophage hits you but does no damage.
You closely miss the necrophage.
The necrophage is moderately damaged.
The necrophage hits you.
You hit the necrophage.
The necrophage is moderately damaged.
The necrophage hits you.
You hit the necrophage.
The necrophage is heavily damaged.
The necrophage misses you. The necrophage hits you.
You feel drained.
You barely miss the necrophage.
The necrophage is heavily damaged.
The necrophage hits you.
You barely miss the necrophage.
The necrophage is heavily damaged.
The necrophage hits you!
* * * LOW HITPOINT WARNING * * *
You hit the necrophage but do no damage.
The necrophage is heavily damaged.
The necrophage hits you.
* * * LOW HITPOINT WARNING * * *
You feel drained.
* * * LOW HITPOINT WARNING * * *
You hit the necrophage.
The necrophage is severely damaged.
The necrophage hits you.
You die...
Your body crumbles into a pile of gold.

########################
...........#............
...........#............
...........'............
...........#....o....o..
...........#....o.......
#$...n@..#######..####.
#######..##..#########.
#.....>..#......).
#........#........
####........#...))...
.............#......).
######.##...##...##...
####...##...####+
#....#....)....


You could see a necrophage.

Vanquished Creatures
  Eustachio (D:4)
  2 ogres (D:4)
  A bullfrog skeleton (D:5)
  A hound (D:4)
  A jelly (D:5)
  Jessica (D:2)
  2 iguanas
  Terence (D:3)
  An orc wizard (D:5)
  4 adders
  An ufetubus (D:4)
  An adder skeleton (D:5)
  A worm (D:4)
  2 dart slugs
  11 orcs
  3 endoplasms
  4 giant cockroaches
  5 goblins
  10 hobgoblins
  8 jackals
  4 kobolds
  3 quokkas
  5 ball pythons
  A bat (D:1)
  2 frilled lizards
  A jackal skeleton (D:4)
  11 rats
88 creatures vanquished.

Notes
Turn   | Place    | Note
-------+----------+-------------------------------------------
     0 | D:1      | deadmanwalking the Deep Elf Venom Mage began the quest for
                  | the Orb.
     0 | D:1      | Reached XP level 1. HP: 10/10 MP: 6/6
   107 | D:1      | Found a faded altar of an unknown god.
   115 | D:1      | Became a worshipper of Gozag Ym Sagoz the Greedy
   335 | D:1      | Reached XP level 2. HP: 15/15 MP: 6/8
  1138 | D:2      | Reached XP level 3. HP: 19/19 MP: 7/10
  1470 | D:2      | Noticed Jessica
  1482 | D:2      | Killed Jessica
  1517 | D:2      | Reached XP level 4. HP: 24/24 MP: 2/12
  1614 | D:2      | Learned a level 3 spell: Ignite Poison
  1618 | D:2      | Learned a level 3 spell: Mephitic Cloud
  1623 | D:2      | Learned a level 4 spell: Olgreb's Toxic Radiance
  1958 | D:3      | Found a snail-covered altar of Cheibriados.
  2082 | D:3      | Noticed Terence
  2093 | D:3      | Killed Terence
  2424 | D:3      | Found Bumahoki's General Store.
  2821 | D:3      | Reached skill level 1 in Fire Magic
  2831 | D:3      | Reached XP level 5. HP: 22/28 MP: 6/13
  2927 | D:3      | Reached skill level 1 in Conjurations
  3377 | D:4      | Noticed an ogre
  3546 | D:4      | Killed an ogre
  3547 | D:4      | Reached skill level 1 in Air Magic
  3996 | D:4      | Noticed a phantom
  4259 | D:4      | Noticed an ogre
  4267 | D:4      | Killed an ogre
  4268 | D:4      | Reached skill level 5 in Spellcasting
  4268 | D:4      | Reached XP level 6. HP: 32/32 MP: 8/15
  4487 | D:4      | Noticed Eustachio
  4496 | D:4      | Killed Eustachio
  4767 | D:4      | Reached skill level 5 in Poison Magic
  4767 | D:4      | Reached XP level 7. HP: 30/36 MP: 12/16
  4901 | D:5      | Entered Level 5 of the Dungeon
  5035 | D:5      | Identified the +6 whip of Jaganwee {vamp, *Corrode rElec
                  | Will+++ Int+3}
  5933 | D:5      | Slain by a necrophage

Illustrated notes

Levels and vault maps discovered:
D:1:      dpeg_arrival_ratfight, layout_basic, basic_ecumenical_altar
D:2:      layout_basic, guppyfry_early_orc_mine, uniq_jessica
D:3:      layout_loops_cross, cheibriados_altar_1, serial_shops, shop_statue,
          chequers_decorated_corner, chequers_serial_rivers_micro_a,
          st_stairs_2, uniq_terence
D:4:      layout_basic, minmay_bisected, uniq_eustachio
D:5:      layout_gridville, minmay_door_square, uniq_ijyb

Skill      XL: |  1  2  3  4  5  6  7 |
---------------+----------------------+-----
Transmutations | 2 3 4 |  4.0
Spellcasting   | 4 5 |  5.5
Poison Magic   | 4 5 |  5.1
Fire Magic     | 1 2 |  2.7
Conjurations   | 1 2 |  2.6
Air Magic      | 1 2 |  2.5
Dodging        | |  2.4
Stealth        | |  2.4

Action                   |  1- 3 |  4- 6 |  7- 9 || total
-------------------------+-------+-------+-------++-------
Melee: Club              |       |     4 |       ||     4
       Whip              |       |       |    18 ||    18
 Cast: Sting             |    65 |   132 |    45 ||   242
       Ignite Poison     |       |     1 |     2 ||     3
  Use: Scroll            |     6 |     4 |       ||    10
       Potion            |       |     1 |       ||     1
 Stab: Sleeping          |       |       |     1 ||     1
Armor: Robe              |     1 |     8 |     5 ||    14
Dodge: Dodged            |     6 |    44 |    15 ||    65

Table legend: (Time is in decaauts)
 A = Elapsed time spent in this place.
 B = Non-inter-level travel time spent in this place.
 C = Inter-level travel time spent in this place.
 D = Time resting spent in this place.
 E = Time spent auto-exploring this place.
 F = Levels seen in this place.
 G = Mean time per level.
                   A        B        C        D        E       F      G
               +--------+--------+--------+--------+--------+-----+--------+
         Total |   5942 |   5538 |    404 |      2 |   4720 |   5 | 1188.4 |
       Dungeon |   5942 |   5538 |    404 |      2 |   4720 |   5 | 1188.4 |
               +--------+--------+--------+--------+--------+-----+--------+

Top non-repeatable levels by time:
     D:4: 1698 daAuts
     D:3: 1352 daAuts
     D:2: 1034 daAuts
     D:5: 952 daAuts
     D:1: 903 daAuts
